 Dungeon Crawl Stone Soup version 0.18-a0-1745-gffa9a88 (webtiles) character file.

728 namelastname112 the Distorting Draconian (level 7, 60/61 HPs)
             Began as a Mottled Draconian Abyssal Knight on Apr 11, 2016.
             Was a Believer of Lugonu.
             Quit the game on level 5 of the Dungeon.
             The game lasted 00:04:11 (3654 turns).

namelastname112 the Distorting Draconian (DrAK)     Turns: 3654, Time: 00:04:12

Health: 60/61      AC:  7    Str: 14    XL:     7   Next: 44%
Magic:  1/11       EV: 13    Int: 12    God:    Lugonu [**....]
Gold:   182        SH:  0    Dex: 13    Spells: 0 memorised, 6 levels left

rFire  . . .     SeeInvis .     j - +2 short sword (speed)
rCold  . . .     Gourm    .     (armour unavailable)
rNeg   . . .     Faith    .     (no shield)
rPois  .         Spirit   .     (helmet restricted)
rElec  .         Dismiss  .     (no cloak)
rCorr  .         Reflect  .     r - +0 pair of gloves
SustAt .         Harm     .     (no boots)
MR     .....                    (no amulet)
Stlth  +.........               (no ring)
                                (no ring)

@: not resistant to hostile enchantments, very unstealthy
A: breathe sticky flame splash, unfitting armour, cold-blooded, AC +6
a: Breathe Sticky Flame, Depart the Abyss, Bend Space, Renounce Religion


You were on level 5 of the Dungeon.
You worshipped Lugonu.
Lugonu was pleased with you.
You were very hungry.

You visited 1 branch of the dungeon, and saw 5 of its levels.
You visited the Abyss 1 time.

You collected 182 gold pieces.

Inventory:

Hand Weapons
 a - a +1 falchion
 j - a +2 short sword of speed (weapon)
Missiles
 n - 2 curare-tipped needles
Armour
 r - a +0 pair of gloves (worn)
Wands
 h - a wand of confusion (12/48)
Scrolls
 e - 4 scrolls of remove curse {unknown}
 k - 2 scrolls of identify {unknown}
 l - a scroll of enchant weapon {unknown}
 o - 2 scrolls of teleportation {unknown}
 p - a scroll of immolation {unknown}
 t - 2 scrolls of noise {unknown}
Potions
 c - 3 potions of invisibility {unknown}
 g - a potion of mutation {unknown}
 i - 3 potions of curing {unknown}
 m - a potion of flight {unknown}
 s - 2 potions of haste {unknown}
 u - a potion of magic {unknown}
 v - a potion of agility {unknown}
 w - 2 potions of brilliance {unknown}
Comestibles
 b - 3 bread rations
 d - 6 fruits
 f - 4 meat rations
 q - 2 beef jerkies
 x - 2 chunks of flesh


   Skills:
 + Level 5.0 Fighting
 * Level 5.1 Long Blades
 + Level 3.6 Dodging
 * Level 5.4 Invocations


You had 6 spell levels left.
You didn't know any spells.

Dungeon Overview and Level Annotations

Branches:
Dungeon (5/15)
 Temple: D:4-7

Altars:
Gozag
Kikubaaqudgha
Qazlal
Sif Muna
Trog
Vehumet
The Shining One

Annotations:
Abyss:1 Pikel


Innate Abilities, Weirdness & Mutations

You can spit globs of burning liquid.
You can ignite nearby creatures when you spit burning liquid.
Your weird mottled scales are hard (AC +6).
Your body does not fit into most forms of armour.
You are cold-blooded and may be slowed by cold attacks.


Message History

You hit Pikel but do no damage. You tail-slap Pikel, but do no damage.
Press: ? - help, Shift-Dir - straight line, f - Pikel
Aim: Pikel, wielding a whip of flaming and wearing a glowing robe (chance to defeat MR: 74%) Pikel struggles to resist.
You feel somewhat more hungry. Pikel closely misses you.
Press: ? - help, Shift-Dir - straight line, f/p - Pikel
Aim: Pikel, wielding a whip of flaming and wearing a glowing robe (chance to defeat MR: 74%) Pikel is devoured by a tear in reality.
Lugonu claims a new guest.
Your Fighting skill increases to level 5!
Your Long Blades skill increases to level 5!
Your Invocations skill increases to level 5!
You have reached level 7!
Your scales start taking on a weird mottled colour.
You learn Fire Magic quicker.
You can spit globs of burning liquid.
You can ignite nearby creatures when you spit burning liquid.
You are feeling very hungry.
You can no longer banish your foes.
With Pikel's spell broken, the former slaves thank you for their freedom.
Are you sure you want to abandon this character and quit the game? (Confirm with "yes".)

#### #@.# ##p#
#p## #.p#
##p##
#########..#
$..........##
.......p[...#
.!..........##


You could see 2 neutral freed slaves.

Vanquished Creatures
  2 phantoms (D:4)
  A wyvern skeleton (D:4)
  2 crimson imps (D:5)
  A hound (D:5)
  Ijyb (D:2)
  3 adders
  A shadow imp (D:5)
  An ooze (D:1)
  An adder skeleton (D:4)
  A dart slug (D:3)
  A worm (D:2)
  4 giant geckos
  13 orcs (D:3)
  7 bats
  9 giant cockroaches
  8 goblins
  6 hobgoblins
  2 jackals (D:1)
  2 quokkas (D:2)
  A ball python (D:2)
  3 giant gecko skeletons (D:4)
  3 giant newts
  4 kobolds
  9 rats
86 creatures vanquished.

Notes
Turn   | Place    | Note
--------------------------------------------------------------
     0 | Abyss:1  | namelastname112 the Draconian Abyssal Knight began the quest for the Orb.
     0 | Abyss:1  | Reached XP level 1. HP: 19/19 MP: 2/2
    32 | Abyss:1  | Noticed a ynoxinul
    46 | Abyss:1  | Noticed a starcursed mass
    51 | Abyss:1  | Noticed a worldbinder
    53 | Abyss:1  | Noticed a vampire mosquito
    54 | D:1      | Escaped the Abyss
   574 | D:1      | Reached XP level 2. HP: 26/26 MP: 3/3
   584 | D:1      | Reached * piety under Lugonu
  1035 | D:2      | Reached XP level 3. HP: 6/31 MP: 3/5
  1332 | D:2      | Noticed Ijyb
  1396 | D:2      | Killed Ijyb
  1452 | D:2      | Reached XP level 4. HP: 19/40 MP: 6/6
  1867 | D:2      | Found a glowing golden altar of the Shining One.
  1930 | D:3      | Reached ** piety under Lugonu
  2162 | D:3      | Reached XP level 5. HP: 29/46 MP: 7/7
  2326 | D:3      | Found a radiant altar of Vehumet.
  2330 | D:3      | Found an ancient bone altar of Kikubaaqudgha.
  2344 | D:3      | Found an opulent altar of Gozag.
  2562 | D:4      | Found a bloodstained altar of Trog.
  2577 | D:4      | Found a deep blue altar of Sif Muna.
  2957 | D:4      | Found a stormy altar of Qazlal.
  3143 | D:4      | Noticed a phantom
  3227 | D:4      | Killed a phantom
  3227 | D:4      | Reached XP level 6. HP: 24/53 MP: 7/9
  3314 | D:4      | Reached *** piety under Lugonu
  3502 | D:5      | Entered Level 5 of the Dungeon
  3628 | D:5      | Noticed a slave
  3629 | D:5      | Noticed Pikel
  3629 | D:5      | Noticed a slave
  3630 | D:5      | Noticed a slave
  3630 | D:5      | Noticed a slave
  3653 | D:5      | Banished Pikel
  3653 | D:5      | Reached skill level 5 in Fighting
  3653 | D:5      | Reached skill level 5 in Long Blades
  3653 | D:5      | Reached skill level 5 in Invocations
  3653 | D:5      | Your scales start taking on a weird mottled colour.
  3653 | D:5      | Reached XP level 7. HP: 60/61 MP: 5/11
  3654 | D:5      | Quit the game

Vault maps used:
D:1:      dpeg_arrival_round_a
D:2:      nicolae_overflow_crystal_walls, uniq_iyjb
D:3:      minmay_overflow_temple_star_quad, st_stairs_9
D:4:      kennysheep_mini_moat, kennysheep_mini, first_bread,
          grunt_qazlal_sundering
D:5:      slow_altar_1, temple_doors_b, uniq_pikel

Skill      XL: |  1  2  3  4  5  6 |
---------------+-------------------+-----
Long Blades    | 3 4 5 |  5.1
Invocations    | 3 4 5 |  5.4
Fighting       | 4 5 |  5.0
Dodging        | 3 |  3.6

Action                   |  1- 3 |  4- 6 |  7- 9 || total
-------------------------+-------+-------+-------++-------
Melee: Falchion          |   117 |     5 |       ||   122
       Short sword       |       |   270 |       ||   270
Invok: Depart the Abyss  |     1 |       |       ||     1
       Banish            |       |     1 |     1 ||     2
 Stab: Sleeping          |     1 |     1 |       ||     2
  Eat: Chunk             |     1 |     6 |       ||     7
       Fruit             |       |     2 |       ||     2
